AoeStats
← RAMIRO MARRA

Arabia

509788715Analyzed
1v1 RM · 5d ago on Sep 28, 2026· 55m 20s· 2 players
Game mode
Random Map
Map size
Tiny (2 player)
Population
200
Speed
Normal
Resources
Standard
Victory
Conquest
Starting age
Dark Age
Ending age
Imperial Age
RankedLock teamsTeams togetherTeam positionsShared explorationLock speedFull tech treeHidden civsTurbo modeCheats
Victory
Defeat
🇲🇽 Vietnamese · Mexico
1043
+14
🇦🇷 Portuguese · Argentina
1001
-14
RAMIRO MARRA
6:26 Loom
8:48 Feudal Age
12:47 Double-Bit Axe
18:15 Castle Age
16:41 Horse Collar
20:19 Bow Saw
20:12 Heavy Plow
20:46 Fletching
20:56 Padded Archer Armor
20:20 Elite Skirmisher
24:24 Gold Mining
24:41 Light Cavalry
26:44 Bloodlines
26:34 Husbandry
29:26 Town Watch
36:40 Scale Barding Armor
36:45 Forging
42:14 Wheelbarrow
42:32 Town Patrol
44:20 Coinage
46:26 Imperial Age
44:35 Ballistics
44:42 Hand Cart
47:57 Scale Mail Armor
50:25 Two-Man Saw
51:20 Chemistry
53:07 Banking
thechris182
6:34 Loom
10:00 Feudal Age
12:13 Double-Bit Axe
14:03 Padded Archer Armor
15:58 Fletching
21:14 Castle Age
19:30 Horse Collar
21:41 Crossbowman
23:59 Wheelbarrow
23:10 Town Watch
31:20 Bodkin Arrow
31:41 Leather Archer Armor
37:39 Imperial Age
36:01 Ballistics
39:27 Chemistry
49:36 Bracer
Connection lost

Rejoining the realm…

Still unreachable

The connection could not be restored.

Session expired

The server has moved on; the page needs a fresh start.